 Dungeon Crawl Stone Soup version 0.25-b1-23-ge2ad7d536c (webtiles) character file.

Game seed: 8028828761665141337, levelgen mode: deterministic

8011 HoaS the Cruncher (level 11, -5/72 HPs)
             Began as a Gargoyle Gladiator on June 1, 2020.
             Was an Elder of Zin.
             Slain by an eight-headed hydra (6 damage)
             ... on level 9 of the Dungeon.
             The game lasted 00:26:34 (9626 turns).

HoaS the Cruncher (Gargoyle Gladiator)              Turns: 9626, Time: 00:26:34

Health: -5/72      AC: 21    Str: 20    XL:     11   Next: 24%
Magic:  16/16      EV:  6    Int: 10    God:    Zin [****..]
Gold:   191        SH:  0    Dex: 11    Spells: 10/10 levels left

rFire    . . .     SeeInvis .   a - +6 quarterstaff
rCold    . . .     Gourm    .   (shield currently unavailable)
rNeg     + . .     Faith    +   l - +0 plate armour
rPois    ∞         Spirit   .   j - +2 helmet
rElec    +         Reflect  .   q - +0 cloak
rCorr    .         Harm     .   (no gloves)
MR       .....                  r - +1 pair of boots
Stlth    ..........             n - amulet of faith
HPRegen  0.22/turn              (no ring)
MPRegen  0.15/turn              (no ring)

@: corroded
A: negative energy resistance 1, electricity resistance, unbreathing,
petrification resistance, rot immunity, AC +8
a: Recite, Vitalisation, Imprison, Donate Gold, Renounce Religion


You were on level 9 of the Dungeon.
You worshipped Zin.
Zin was greatly pleased with you.
You were hungry.

You visited 1 branch of the dungeon, and saw 9 of its levels.
You also visited: Sewer.

You collected 419 gold pieces.
You spent 187 gold pieces at shops.
You donated 41 gold pieces to Zin.

Inventory:

Hand Weapons
 a - a +6 quarterstaff (weapon)
Missiles
 d - 7 throwing nets (quivered)
Armour
 j - a +2 helmet (worn)
 l - a +0 plate armour (worn)
 q - a +0 cloak (worn)
 r - a +1 pair of boots (worn)
Jewellery
 n - an amulet of faith (around neck)
 s - an uncursed ring of ice
Wands
 i - a wand of paralysis (2)
 m - a wand of digging (6)
 x - a wand of disintegration (12)
 C - a wand of enslavement (14)
Scrolls
 h - a scroll of fear
 k - 8 scrolls of teleportation
 o - a scroll of amnesia
 v - 2 scrolls of identify
 A - 2 scrolls of remove curse
Potions
 b - 7 potions of flight
 c - 2 potions of ambrosia {unknown}
 e - 3 potions of heal wounds
 g - 2 potions of haste {unknown}
 p - a potion of might {unknown}
 t - 2 potions of mutation {unknown}
 u - 4 potions of curing
 w - a potion of resistance {unknown}
 z - a potion of magic {unknown}
 B - a potion of cancellation {unknown}
Comestibles
 f - 10 rations


   Skills:
 + Level 10.0 Fighting
 * Level 12.7 Staves
 - Level 1.7 Throwing
 - Level 3.0 Armour
 - Level 2.4 Dodging
 + Level 7.1 Invocations


You had 10 spell levels left.
You didn't know any spells.
Your spell library was empty.

Dungeon Overview and Level Annotations

Branches:
Dungeon (9/15)             Temple (0/1) D:5           Sewer (visited)
   Lair: D:8-11         Orc: D:9-12

Altars:
Makhleb
Zin
The Shining One

Shops:
D:7 [


Innate Abilities, Weirdness & Mutations

You are resistant to torment.
Your stone body is resilient. (AC +8)
You are immune to poison.
You resist negative energy. (rN+)
You are resistant to electric shocks. (rElec)
You can survive without breathing.
You are immune to petrification.
You are immune to rotting.


Message History

* * * LOW HITPOINT WARNING * * *
The eight-headed hydra bites you but does no damage.
The eight-headed hydra barely misses you.
The eight-headed hydra bites you.
* * * LOW HITPOINT WARNING * * *
The eight-headed hydra bites you.
* * * LOW HITPOINT WARNING * * *
The eight-headed hydra bites you but does no damage. x3
The eight-headed hydra barely misses you.
You sock the eight-headed hydra!
The eight-headed hydra is moderately wounded.
You sock the eight-headed hydra!
The eight-headed hydra is heavily wounded.
The eight-headed hydra bites you.
* * * LOW HITPOINT WARNING * * *
The eight-headed hydra bites you but does no damage. x5
The eight-headed hydra bites you! Zin protects you from harm!
The eight-headed hydra bites you.
You die...

##.......#.###.##............. ##
#..........# #.###......#...#.
.###..#####...###.##.......##....
...#..## ##.####.####..######....
...#...###..#..#.#..#.## ##.##
........#.###..###..##. #).#
..#..#.....# #...# . #......
..##.##.#.<# #...# #......
..##.#...### #.@D# ....####
####.......#####.#####.......
###...#......................
...........[.............#...
....................#.#.#....
..........####......# #
.......#..## ###....#
.......#...###.....##
.....................


You could see an eight-headed hydra.

Vanquished Creatures
  Gastronok (D:8)
  Harold (D:9)
  Pikel (D:5)
  Psyche (D:8)
  Prince Ribbit (D:9)
  A hippogriff (D:8)
  Sigmund (D:2)
  6 yaks (D:8)
  Edmund (D:5)
  5 orc warriors
  A sky beast (D:7)
  2 hornet zombies
  3 phantoms
  4 slaves (D:5)
  A necrophage (D:9)
  2 ogres
  3 centaurs
  A big kobold (Sewer)
  4 bullfrogs
  Blork the orc (D:5)
  A scorpion (D:6)
  5 wights (D:7)
  3 howler monkeys
  2 crimson imps
  A centaur zombie (D:8)
  Crazy Yiuf (D:2)
  4 hounds
  2 jellies
  2 centaur skeletons
  6 orc priests
  Jessica (D:2)
  4 iguanas
  6 orc wizards
  6 worker ants
  A hound zombie (D:7)
  3 gnolls (D:2)
  A river rat (Sewer)
  12 adders
  2 shadow imps
  2 adder skeletons (D:4)
  3 dart slugs
  9 leopard geckos
  27 orcs
  4 bats
  10 giant cockroaches
  8 hobgoblins
  8 jackals
  11 kobolds
  7 quokkas
  A ball python (D:1)
  8 frilled lizards
  6 goblins
  A jackal zombie (D:5)
  A leopard gecko zombie (D:7)
  A quokka zombie (D:8)
  13 rats
224 creatures vanquished.

Notes
Turn   | Place    | Note
-------+----------+-------------------------------------------
     0 | D:1      | HoaS the Gargoyle Gladiator began the quest for the Orb.
     0 | D:1      | Reached XP level 1. HP: 12/12 MP: 1/1
   252 | D:1      | Reached XP level 2. HP: 18/18 MP: 2/2
   652 | D:1      | Reached XP level 3. HP: 22/22 MP: 3/3
   974 | D:2      | Reached skill level 4 in Staves
  1041 | D:2      | Noticed Jessica
  1056 | D:2      | Killed Jessica
  1056 | D:2      | Reached XP level 4. HP: 22/28 MP: 4/4
  1559 | D:2      | Found a runed translucent door.
  1560 | D:2      | Noticed Crazy Yiuf
  1605 | D:2      | Reached XP level 5. HP: 30/32 MP: 5/5
  1626 | D:2      | Noticed Sigmund
  1641 | D:2      | Killed Sigmund
  1641 | D:2      | Reached skill level 5 in Staves
  1641 | D:2      | Reached XP level 6. HP: 21/39 MP: 6/6
  2169 | D:2      | Killed Crazy Yiuf
  2169 | D:2      | Reached skill level 6 in Staves
  3377 | D:4      | Reached XP level 7. HP: 42/44 MP: 7/7
  3444 | D:4      | Found a burning altar of Makhleb.
  3485 | D:4      | Reached skill level 5 in Fighting
  3517 | D:4      | Reached skill level 7 in Staves
  4426 | D:5      | Entered Level 5 of the Dungeon
  4452 | D:5      | Found a glowing silver altar of Zin.
  4454 | D:5      | Reached XP level 8. HP: 49/51 MP: 8/8
  4457 | D:5      | Noticed Edmund
  4482 | D:5      | Noticed Pikel
  4490 | D:5      | Killed Edmund
  4490 | D:5      | Reached skill level 8 in Staves
  4508 | D:5      | Killed Pikel
  4508 | D:5      | Reached skill level 9 in Staves
  4594 | D:5      | Became a worshipper of Zin the Law-Giver
  4594 | D:5      | Reached * piety under Zin
  4608 | D:5      | Found a staircase to the Ecumenical Temple.
  4730 | D:5      | Reached ** piety under Zin
  4782 | D:5      | Noticed Blork the orc
  4792 | D:5      | Killed Blork the orc
  5208 | D:6      | Reached skill level 1 in Armour
  5208 | D:6      | Reached skill level 1 in Invocations
  5263 | D:6      | Reached XP level 9. HP: 43/57 MP: 8/10
  5469 | D:6      | Found a glowing drain.
  5509 | Sewer    | Entered a sewer
  5613 | Sewer    | Found a white marble altar of Elyvilon.
  6046 | D:6      | Reached *** piety under Zin
  6133 | D:6      | Reached skill level 10 in Staves
  6510 | D:7      | Found a glowing golden altar of the Shining One.
  6540 | D:7      | Found Ilecai's Antique Armour Shoppe.
  6545 | D:7      | Bought a pair of embroidered boots for 187 gold pieces
  7475 | D:8      | Reached XP level 10. HP: 59/64 MP: 13/13
  7674 | D:8      | Reached skill level 11 in Staves
  7952 | D:8      | Noticed Psyche
  7960 | D:8      | Noticed Gastronok
  7968 | D:8      | Killed Psyche
  7968 | D:8      | Reached **** piety under Zin
  7968 | D:8      | Reached skill level 5 in Invocations
  7983 | D:8      | Killed Gastronok
  7983 | D:8      | Reached skill level 12 in Staves
  8595 | D:9      | Noticed Prince Ribbit
  8616 | D:9      | Killed Prince Ribbit
  9003 | D:8      | Reached XP level 11. HP: 42/71 MP: 15/15
  9525 | D:9      | Found the +2 Maxwell's thermic engine {flame, freeze}
  9526 | D:9      | Noticed Harold
  9546 | D:9      | Killed Harold
  9546 | D:9      | Reached skill level 10 in Fighting
  9615 | D:9      | Noticed an eight-headed hydra
  9624 | D:9      | HP: 3/72 [eight-headed hydra (3)]
  9626 | D:9      | HP: 1/72 [eight-headed hydra (2)]
  9626 | D:9      | Zin protects you from harm!
  9626 | D:9      | Slain by an eight-headed hydra

Illustrated notes

Levels and vault maps discovered:
D:1:      sevenhm_arrival_forest_fort_small_6, layout_loops_corners,
          minmay_misc_feat_ornament, hex_medium
D:2:      layout_loops_ring, uniq_jessica, uniq_sigmund, uniq_crazy_yiuf_cottage
D:3:      layout_basic
D:4:      layout_cave_pods, makhleb_heckhound_becter
D:5:      layout_basic, minmay_temple_entry_stoned_glass, first_ration,
          basic_altar, minmay_misc_feat_doors, hangedman_decor_opposing,
          uniq_blork_the_orc, uniq_edmund, uniq_pikel
D:6:      layout_loops_ring, gup_sewer_entry_glass, minmay_misc_feat_five,
          minmay_lizard_king
D:7:      layout_layer_cave, marbit_many_paths, serial_shops,
          kennysheep_little_box
D:8:      layout_gridville, uniq_gastronok, uniq_psyche
D:9:      minmay_blocky_corners, layout_cave_pools, serial_park,
          serial_park_square2, serial_park_square2, uniq_joseph, uniq_harold,
          uniq_prince_ribbit1

Skill      XL: |  1  2  3  4  5  6  7  8  9 10 11 |
---------------+----------------------------------+-----
Staves         | 4 5 6 7 9 10 12 | 12.7
Fighting       | 3 4 5 7 8 9 10 | 10.0
Armour         | 1 3 |  3.0
Invocations    | 1 4 6 7 |  7.1
Throwing       | |  1.7
Dodging        | |  2.4

Action                   |  1- 3 |  4- 6 |  7- 9 | 10-12 || total
-------------------------+-------+-------+-------+-------++-------
Melee: Quarterstaff      |    68 |   187 |   412 |   197 ||   864
       Unarmed           |       |     1 |       |       ||     1
Invok: Recite            |       |       |     6 |     3 ||     9
       Vitalisation      |       |       |       |     2 ||     2
  Use: Scroll            |       |    11 |    10 |     4 ||    25
       Potion            |       |       |       |     1 ||     1
 Stab: Invisible         |       |       |     1 |     5 ||     6
       Confused          |       |       |     1 |       ||     1
  Eat: Chunk             |       |     8 |    10 |     3 ||    21
       Ration            |       |       |     1 |     1 ||     2
Armor: Ring mail         |    33 |    13 |       |       ||    46
       Chain mail        |       |    96 |   159 |       ||   255
       Plate armour      |       |       |    77 |   202 ||   279
Dodge: Dodged            |    30 |    67 |   135 |    82 ||   314
